 Dungeon Crawl Stone Soup version 0.30-a0-1161-g0704695555 (webtiles) character file.

Game seed: 2067586023977726109

598881 backslashecho the Slayer (level 25, -13/255 HPs)
             Began as a Minotaur Monk on Apr 26, 2023.
             Was the Champion of Zin.
             Killed from afar by Cerebov (27 damage)
             ... with a great blast of fire
             ... in Pandemonium on Apr 27, 2023.
             The game lasted 05:09:14 (64307 turns).

backslashecho the Slayer (Minotaur Monk)           Turns: 64307, Time: 05:09:14

Health: -13/255    AC: 55    Str: 34    XL:     25   Next: 90%
Magic:  35/35      EV: 15    Int: 15    God:    Zin [******]
Gold:   5415       SH: 18    Dex: 21    Spells: 24/24 levels left

rFire   + + .        a - +9 broad axe (holy)
rCold   + + +        j - +2 kite shield {rF+}
rNeg    . . .        e - +12 gold dragon scales
rPois   ∞            v - +1 hat
rElec   +            X - +2 cloak "Cusem" {rElec rPois rCorr Dex-2}
rCorr   +            Y - +2 pair of gloves "Nonois" {rCorr Int-2 SInv Stlth-}
SInv    +            u - +2 pair of boots {rampage}
Will    ++...        f - amulet of regeneration Stlth
                     o - ring "Xoakaut" {Contam Fly rC+ Int+3 Dex+2}
HPRegen 1.42/turn    g - ring of Suspicion {Will+ AC+4}
MPRegen 0.24/turn

%: rampage
@: mighty, vitalised, resistant, fire vulnerable, on recite cooldown, flying,
hasted (expiring), very quick
A: horns 2, retaliatory headbutt, mutation resistance 1
}: 4/15 runes: serpentine, barnacled, slimy, silver
a: Renounce Religion, Recite, Vitalisation, Imprison, Sanctuary, Donate Gold


You were in Pandemonium.
You worshipped Zin.
Zin was exalted by your worship.
You visited 12 branches of the dungeon, and saw 52 of its levels.
You visited Pandemonium 1 time, and saw 5 of its levels.
You visited 1 bazaar.
You also visited: Sewer, Gauntlet, Ice Cave and Wizlab.

You collected 14461 gold pieces.
You spent 8859 gold pieces at shops.
You donated 187 gold pieces to Zin.

Inventory:

Hand Weapons
 a - a +9 broad axe of holy wrath (weapon)
 b - a +9 broad axe of flaming
Missiles
 d - 11 curare-tipped darts
 l - 14 silver javelins (quivered)
 T - 18 javelins
Armour
 e - +12 gold dragon scales (worn)
 j - a +2 kite shield of fire resistance (worn)
 k - a +2 pair of boots of flying
 u - a +2 pair of boots of rampaging (worn)
 v - a +1 hat (worn)
 y - a +1 pair of gloves of dexterity
 X - the +2 cloak "Cusem" (worn) {rElec rPois rCorr Dex-2}
   (You found it in a Gauntlet)

   Dex:       It affects your dexterity (-2).
   rElec:     It insulates you from electricity.
   rPois:     It protects you from poison.
   rCorr:     It protects you from acid and corrosion.
 Y - the +2 pair of gloves "Nonois" (worn) {rCorr Int-2 SInv Stlth-}
   (You found it in a Gauntlet)

   Int:       It affects your intelligence (-2).
   SInv:      It lets you see invisible.
   rCorr:     It protects you from acid and corrosion.
   Stlth:     It makes you less stealthy.
Jewellery
 f - an amulet of regeneration (around neck)
 g - the ring of Suspicion (right hand) {Will+ AC+4}
   (You found it on level 3 of the Depths)

   [ring of protection]

   AC:        It affects your AC (+4).
   Will:      It increases your willpower.
 o - the ring "Xoakaut" (left hand) {Contam Fly rC+ Int+3 Dex+2}
   (You bought it in a shop on level 2 of the Orcish Mines)

   [ring of flight]

   Int:       It affects your intelligence (+3).
   Dex:       It affects your dexterity (+2).
   rC:        It protects you from cold.
   Fly:       It grants you flight.
   Contam:    It causes magical contamination when unequipped.
 A - the ring of New Discoveries {*Slow rC+ Will+ Int+6 SInv}
   (You took it off a deep elf demonologist on level 3 of the Elven Halls)

   [ring of intelligence]

   Int:       It affects your intelligence (+6).
   rC:        It protects you from cold.
   SInv:      It lets you see invisible.
   *Slow:     It may slow you when you take damage.
   Will:      It increases your willpower.
 B - a ring of protection from fire
 H - a ring of protection from cold
 J - a ring of positive energy
Wands
 q - a wand of paralysis (41)
 r - a wand of flame (110)
 D - a wand of digging (39)
 E - a wand of roots (14)
 I - a wand of mindburst (45)
 V - a wand of acid (10)
Scrolls
 i - 24 scrolls of teleportation
 m - 6 scrolls of blinking
 s - 3 scrolls of silence
 x - a scroll of butterflies
 z - 9 scrolls of fog
 C - 10 scrolls of fear
 N - 3 scrolls of brand weapon
 O - 10 scrolls of magic mapping
Potions
 c - 5 potions of ambrosia
 h - 7 potions of magic
 n - 6 potions of flight
 p - 16 potions of heal wounds
 t - 4 potions of resistance
 w - 36 potions of curing
 L - 11 potions of mutation
 P - 6 potions of might
 R - 9 potions of cancellation
 U - 8 potions of haste
Miscellaneous
 G - a lightning rod (4/4)
 S - a tin of tremorstones (2/2)
 W - a phantom mirror


   Skills:
 - Level 26.9 Fighting
 + Level 24.6 Axes
 - Level 16.0 Throwing
 - Level 25.0 Armour
 - Level 12.0 Dodging
 - Level 18.0 Shields
 - Level 1.0 Unarmed Combat
 * Level 19.9 Invocations
 - Level 9.0 Evocations


You had 24 spell levels left.
You didn't know any spells.
Your spell library contained the following spells:

 Spells                   Type           Power      Damage    Failure   Level
 Apportation              Tloc           0%         N/A       86%         1
 Foxfire                  Conj/Fire      0%         2x1d4     86%         1
 Freeze                   Ice            0%         1d3       86%         1
 Kiss of Death            Conj/Necr      0%         2d5       86%         1
 Magic Dart               Conj           0%         1d3       86%         1
 Necrotise                Necr           0%         1d4       86%         1
 Shock                    Conj/Air       0%         1d3       86%         1
 Slow                     Hex            0%         N/A       86%         1
 Summon Small Mammal      Summ           0%         N/A       86%         1
 Blink                    Tloc           0%         N/A       95%         2
 Cigotuvi's Dreadful Rot  Necr/Pois/Air  0%         N/A       95%         2
 Ensorcelled Hibernation  Hex/Ice        0%         N/A       95%         2
 Lesser Beckoning         Tloc           0%         N/A       95%         2
 Momentum Strike          Conj/Tloc      0%         3d8       95%         2
 Passwall                 Tmut/Erth      0%         N/A       95%         2
 Poisonous Vapours        Pois/Air       0%         N/A       95%         2
 Searing Ray              Conj           0%         2d4       95%         2
 Static Discharge         Conj/Air       0%         2-2/arc   95%         2
 Wereblood                Tmut           0%         N/A       95%         2
 Call Canine Familiar     Summ           0%         N/A       99%         3
 Confusing Touch          Hex            0%         N/A       99%         3
 Dazzling Flash           Conj/Hex       0%         N/A       99%         3
 Frozen Ramparts          Ice            0%         1d1       99%         3
 Hailstorm                Conj/Ice       0%         3d3       99%         3
 Ignite Poison            Fire/Tmut/Pois 0%         N/A       99%         3
 Inner Flame              Hex/Fire       0%         N/A       99%         3
 Mephitic Cloud           Conj/Pois/Air  0%         N/A       99%         3
 Portal Projectile        Hex/Tloc       0%         N/A       99%         3
 Spider Form              Tmut/Pois      0%         N/A       99%         3
 Stone Arrow              Conj/Erth      0%         3d7       99%         3
 Swiftness                Air            0%         N/A       99%         3
 Tukima's Dance           Hex            0%         N/A       99%         3
 Vampiric Draining        Necr           0%         2d6       99%         3
 Vhi's Electric Charge    Tloc/Air       0%         N/A       99%         3
 Volatile Blastmotes      Fire/Tloc      0%         2d10      99%         3
 Airstrike                Air            0%         2d(0-16)  100%        4
 Anguish                  Hex/Necr       0%         N/A       100%        4
 Animate Armour           Summ/Erth      0%         N/A       100%        4
 Cause Fear               Hex            0%         N/A       100%        4
 Dispel Undead            Necr           0%         3d6       100%        4
 Ice Form                 Ice/Tmut       0%         N/A       100%        4
 Iskenderun's Mystic Bla  Conj/Tloc      0%         2d3       100%        4
 Leda's Liquefaction      Hex/Erth       0%         N/A       100%        4
 Manifold Assault         Tloc           0%         N/A       100%        4
 Olgreb's Toxic Radiance  Pois           0%         N/A       100%        4
 Petrify                  Tmut/Erth      0%         N/A       100%        4
 Sticky Flame             Conj/Fire      0%         2d3       100%        4
 Summon Ice Beast         Ice/Summ       0%         N/A       100%        4
 Summon Lightning Spire   Summ/Air       0%         N/A       100%        4
 Agony                    Necr           0%         N/A       100%        5
 Alistair's Intoxication  Tmut/Pois      0%         N/A       100%        5
 Arcjolt                  Conj/Air       0%         1d10      100%        5
 Blade Hands              Tmut           0%         N/A       100%        5
 Borgnjor's Vile Clutch   Necr/Erth      0%         N/A       100%        5
 Fireball                 Conj/Fire      0%         3d3       100%        5
 Iskenderun's Battlesphe  Conj           0%         2d6       100%        5
 Metabolic Englaciation   Hex/Ice        0%         N/A       100%        5
 Silence                  Hex/Air        0%         N/A       100%        5
 Yara's Violent Unravell  Hex/Tmut       0%         3d3       100%        5
 Conjure Ball Lightning   Conj/Air       0%         3x3d6     100%        6
 Death Channel            Necr           0%         N/A       100%        6
 Dispersal                Tloc           0%         N/A       100%        6
 Eringya's Noxious Bog    Tmut/Pois      0%         N/A       100%        6
 Iron Shot                Conj/Erth      0%         9d1       100%        6
 Plasma Beam              Fire/Air       0%         2x1d11    100%        6
 Simulacrum               Ice/Necr       0%         N/A       100%        6
 Starburst                Conj/Fire      0%         6d3       100%        6
 Statue Form              Tmut/Erth      0%         N/A       100%        6
 Dragon Form              Tmut           0%         N/A       100%        7
 Enfeeble                 Hex            0%         N/A       100%        7
 Haunt                    Necr/Summ      0%         N/A       100%        7
 Orb of Destruction       Conj           0%         9d5       100%        7
 Ozocubu's Refrigeration  Ice            0%         4d7       100%        7
 Spellforged Servitor     Conj/Summ      0%         N/A       100%        7
 Storm Form               Tmut/Air       0%         N/A       100%        7
 Discord                  Hex            0%         N/A       100%        8
 Disjunction              Tloc           0%         N/A       100%        8
 Ignition                 Fire           0%         3d3       100%        8
 Lehudib's Crystal Spear  Conj/Erth      0%         10d2      100%        8
 Maxwell's Capacitive Co  Air            0%         ∞         100%        8
 Chain Lightning          Conj/Air       0%         N/A       100%        9
 Death's Door             Necr           0%         N/A       100%        9
 Dragon's Call            Summ           0%         N/A       100%        9
 Polar Vortex             Ice            0%         N/A       100%        9


Dungeon Overview and Level Annotations

Branches:
Dungeon (15/15)            Temple (1/1) D:7            Lair (5/5) D:10
 Shoals (4/4) Lair:2        Snake (4/4) Lair:2        Slime (5/5) Lair:5
    Orc (2/2) D:9             Elf (3/3) Orc:2        Vaults (5/5) D:14
  Crypt (3/3) Vaults:3       Tomb (0/3) Crypt:3      Depths (4/4) D:15
    Zot (1/5) Depths:4      Sewer (visited)           IceCv (visited)
 WizLab (visited)         Gauntlet (visited)

Altars:
Ashenzari
Cheibriados
Dithmenos
Elyvilon
Fedhas
Gozag
Hepliaklqana
Kikubaaqudgha
Makhleb
Nemelex Xobeh
Okawaru
Qazlal
Ru
Sif Muna
Trog
Uskayaw
Vehumet
Wu Jian
Xom
Yredelemnul
Zin
The Shining One
Jiyva

Shops:
D:5 [   D:9 *   Orc:2 *?(!   Elf:2 ?   Elf:3 ?*[[   Shoals:1 [   Shoals:2 (**[
Snake:4 =   Vaults:3 =   Depths:3 [

Portals:
Hell: Depths:1 Depths:2 Depths:3 Depths:4
Abyss: Depths:3 Depths:4
Pandemonium: Depths:2 Depths:4
Ziggurat: Depths:4

Annotations:
Lair:4 3 runed translucent doors, hwolsky's ghost, journeyman MiFi
Lair:5 exclusion: 3 doors
Shoals:4 1 exclusion
Snake:2 2 transporters, Woigomae's ghost, adept OpVM
Elf:2 3 runed translucent doors
Pan Cerebov


Innate Abilities, Weirdness & Mutations

You have a pair of horns on your head.
You reflexively headbutt those who attack you in melee.
You are somewhat resistant to further mutation.


Message History

You slice the Brimstone Fiend!!
The Brimstone Fiend convulses!!
Your extra speed is starting to run out.
Cerebov hits you with the +6 sword of Cerebov {flame}!
Cerebov burns you. The Brimstone Fiend gestures at you.
The sphere of damnation explodes!
The damnation engulfs you!!!
* * * LOW HITPOINT WARNING * * *
The damnation engulfs the Brimstone Fiend.
The Brimstone Fiend completely resists.
The damnation engulfs Cerebov.
Cerebov completely resists.
The damnation engulfs the Brimstone Fiend.
The Brimstone Fiend completely resists.
The Brimstone Fiend gestures at you.
The sphere of damnation explodes!
The damnation engulfs you!!
* * * LOW HITPOINT WARNING * * *
The damnation engulfs the Brimstone Fiend.
The Brimstone Fiend completely resists.
The damnation engulfs Cerebov.
Cerebov completely resists.
The damnation engulfs the Brimstone Fiend.
The Brimstone Fiend completely resists.
You take 79 damage, and have 12/255 hp.
MASSIVE DAMAGE!!
Unknown command.
You open Cerebov like a pillowcase!!!
Cerebov convulses!!!!
Your headbutt misses Cerebov.
Cerebov is almost dead.
You slash the Brimstone Fiend!
The Brimstone Fiend convulses.
You kill the Brimstone Fiend!
The Brimstone Fiend disappears in a puff of smoke!
You slash the Brimstone Fiend!
The Brimstone Fiend convulses!
You kill the Brimstone Fiend!
The Brimstone Fiend disappears in a puff of smoke!
Unknown command.
You hit Cerebov but do no damage.
Cerebov is almost dead.
Cerebov gestures at you.
A raging storm of fire appears!
The great blast of fire engulfs you!! You partially resist.
You die...

.# #.....................#####...
.# #.##..##..##..##..##..#...#...
##########################.|)#...
##.......................#...#...
.#.#####################.'####...
##'#####################...##....
.(.....#......)........###.#.....
)#.#.#.#..#####.....## #.##....
.......#..# ##@§'## #.##....
.....#.#..# #&§.# #:#.....
.......#..#..&.§)§...... #.##....
.....#.#..#............. #.##....
.......'.)#............. #.#.....
.....#.####+##.......##+ #.##....
.......# #.#...#.# #.##....
.....#.# #^#...#.# #.#.....
.......# #...... # #.##....


You could see Cerebov (fast).

Vanquished Creatures
  the Royal Jelly (Slime:5)
  2 ancient liches (Vaults:5)
  3 dread liches
  2 juggernauts (Depths:3)
  Parghit (Depths:4)
  Vv (Crypt:3)
  Vashnia (Arena)
  A curse toe (Crypt:3)
  Margery (Depths:3)
  5 caustic shrikes
  5 golden dragons
  A Brimstone Fiend (Pan)
  The ghost of Joiny the Slayer, a veteran GrGl of Hepliaklqana (Depths:3)
  5 tentacled monstrosities
  An Ice Fiend (Pan)
  Rupert (Lair:4)
  7 deep elf blademasters
  6 liches
  Mlioglotl (Shoals:1)
  12 titans
  8 deep elf master archers
  A quicksilver dragon (Vaults:5)
  Polyphemus (Shoals:4)
  18 acid blobs
  Agnes (Snake:3)
  2 Executioners (Pan)
  11 sphinxes
  2 krakens
  4 shadow dragons
  5 tengu reavers
  3 storm dragons
  10 ancient champions
  10 azure jellies
  A thorn hunter (WizLab)
  A fire giant (shapeshifter) (Vaults:5)
  4 revenants
  3 fenstrider witches (WizLab)
  Donald (Vaults:4)
  A nagaraja (Snake:4)
  13 rockslimes
  4 demonspawn warmongers (Pan)
  17 fire giants
  Aizul (Shoals:1)
  7 deep elf sorcerers
  18 frost giants
  20 balrugs (Pan)
  A caustic shrike zombie (Crypt:3)
  4 iron dragons
  A spectral caustic shrike (Depths:3)
  2 curse skulls (Crypt:1)
  5 deep elf elementalists
  A demonspawn corrupter (Pan)
  6 ghouls
  18 vault wardens
  21 very ugly things
  2 cacodemons (Depths:1)
  16 ironbound preservers
  A spectral juggernaut (Depths:3)
  2 war gargoyles
  A draconian stormcaller (Depths:4)
  2 demonspawn blood saints (Pan)
  4 orc warlords
  27 stone giants
  10 quicksilver oozes
  4 reapers
  A juggernaut skeleton (Crypt:3)
  2 spriggan defenders
  13 vampire knights
  9 ironbound thunderhulks
  2 black draconians
  Azrael (D:12)
  6 deep elf annihilators
  2 purple draconians
  An eleionoma (WizLab)
  A red draconian (Depths:4)
  3 yellow draconians (Slime:4)
  A spark wasp (Depths:1)
  A white draconian (Depths:4)
  4 deep elf demonologists
  A minotaur (Gauntlet)
  8 dire elephants
  10 deep elf death magi
  10 ettins
  2 green deaths (Pan)
  Snorg (Orc:1)
  6 eidola
  7 crystal guardians
  2 mummy priests (Crypt:3)
  11 merfolk impalers
  3 merfolk javelineers
  4 blizzard demons
  An entropy weaver (Vaults:4)
  12 fire dragons
  21 jiangshi
  Harold (Lair:1)
  8 great orbs of eyes
  6 deep elf high priests
  A spectral spriggan (Depths:3)
  3 shambling mangroves (WizLab)
  2 rakshasas (Depths:1)
  39 vault guards
  6 ice dragons
  11 yaktaur captains
  Fannar (Lair:1)
  4 salamander tyrants (Snake:4)
  5 peacekeepers
  Erolcha (D:12)
  A juggernaut simulacrum (Depths:3)
  2 death knights
  2 ogre magi
  2 catoblepae
  6 hydras
  2 merfolk avatars (Shoals:1)
  3 spriggan air magi
  12 ironbound frosthearts
  9 anacondas
  9 centaur warriors
  5 boulder beetles
  9 two-headed ogres
  5 merfolk aquamancers
  13 deep troll shamans
  4 death yaks (Shoals:4)
  An orc high priest (Elf:2)
  5 satyrs
  8 vampire magi
  6 spriggan berserkers
  3 tengu warriors
  15 deep troll earth magi
  8 naga warriors
  17 dancing weapons
  A bennu skeleton (Crypt:2)
  41 sun demons (Pan)
  Sonja (Lair:2)
  Nergalle (D:12)
  12 naga sharpshooters
  9 shock serpents
  Urug (D:12)
  14 hell knights
  21 deep elf knights
  An emperor scorpion zombie (Crypt:2)
  3 sixfirhies
  2 skysharks
  4 soul eaters
  A storm dragon skeleton (Crypt:3)
  A fire crab (shapeshifter) (Vaults:5)
  20 skeletal warriors
  3 shadow wraiths (Crypt:3)
  5 salamander mystics (Snake:4)
  Amaemon (Lair:3)
  A spark wasp zombie (Depths:2)
  A glowing orange brain (Depths:1)
  44 deep trolls
  15 sea snakes
  3 shadow demons (Pan)
  A ghost moth zombie (Crypt:2)
  3 flayed ghosts
  20 iron trolls
  2 bog bodies
  27 deep elf archers
  16 phantasmal warriors
  An obsidian statue (Depths:1)
  17 harpies
  5 naga ritualists
  A tengu zombie (Depths:2)
  5 wizards
  9 lindwurms
  14 orc knights
  20 deep elf zephyrmancers
  2 anaconda skeletons
  14 mana vipers
  A stone giant zombie (Crypt:1)
  26 ugly things
  14 ironbound convokers
  5 necromancers
  A manticore (shapeshifter) (Vaults:4)
  29 deep elf pyromancers
  4 shining eyes
  5 orc sorcerers
  An oklob plant (WizLab)
  31 manticores
  4 fauns (WizLab)
  11 salamanders
  6 large abominations
  20 elephants
  6 cyclopes
  4 guardian serpents (Snake:4)
  8 water nymphs
  A titan simulacrum (Depths:3)
  2 centaur zombies
  2 apocalypse crabs (Shoals:3)
  11 vault sentinels
  10 merfolk sirens
  A frost giant skeleton (Depths:2)
  A stone giant skeleton (Depths:2)
  8 orange demons
  A black mamba (shapeshifter) (Elf:2)
  6 naga magi
  2 ice statues (IceCv)
  A naga zombie (Crypt:3)
  39 black mambas
  2 rust devils
  2 torpor snails (Lair:5)
  A storm dragon simulacrum (Depths:3)
  A cane toad (shapeshifter) (Elf:2)
  An eye of devastation (Slime:1)
  8 cane toads
  7 rime drakes
  5 smoke demons (Pan)
  5 unseen horrors
  2 tengu conjurers
  A hellion (Depths:4)
  4 efreet
  43 yaktaurs
  2 kobold demonologists
  5 freezing wraiths
  A minotaur skeleton (Crypt:3)
  An anaconda simulacrum (IceCv)
  5 komodo dragons
  A spectral glowing shapeshifter (Depths:3)
  8 guardian mummies (Crypt:3)
  13 ice devils
  A shadow dragon simulacrum (Depths:3)
  A queen bee (D:9)
  7 trolls
  An iron troll skeleton (Crypt:2)
  18 merfolk
  3 meliai (D:14)
  3 hellwings
  9 wind drakes
  4 polar bears
  5 red devils (Pan)
  9 hornets
  12 blink frogs
  A raiju (Gauntlet)
  12 dream sheep
  2 dream sheep (shapeshifter)
  Prince Ribbit (Lair:3)
  A harpy skeleton (Crypt:3)
  A snapping turtle (shapeshifter) (D:15)
  14 snapping turtles
  2 ettin skeletons (Crypt:1)
  96 slime creatures
  2 vampires
  A shadow (D:10)
  2 slime creatures (shapeshifter)
  6 air elementals
  A dire elephant simulacrum (Crypt:1)
  A centaur simulacrum (D:14)
  27 water elementals
  2 ushabtiu (Crypt:3)
  7 ynoxinuls
  4 spriggans
  5 wyverns
  11 wraiths
  3 basilisks
  9 fire elementals
  37 yaks
  2 steam dragons (Gauntlet)
  5 neqoxecs
  An unseen horror simulacrum (D:10)
  10 wargs (Orc:2)
  5 chaos spawn
  2 death yak simulacra (IceCv)
  A harpy simulacrum (IceCv)
  A swamp worm (shapeshifter) (Vaults:4)
  A hydra simulacrum (IceCv)
  26 nagas
  A skyshark zombie (Crypt:1)
  7 hell hounds
  A water moccasin (shapeshifter) (Vaults:5)
  An acid dragon (D:11)
  18 water moccasins
  A floating eye (shapeshifter) (Vaults:5)
  2 glowing shapeshifter skeletons
  3 floating eyes
  37 orc warriors
  2 merfolk skeletons
  3 sky beasts
  3 ice beasts
  2 black bears
  10 ogres
  A boggart (Vaults:1)
  16 wolves
  15 centaurs
  13 bullfrogs
  3 gnoll sergeants
  12 kobold brigands
  A yaktaur zombie (Crypt:3)
  2 glowing shapeshifter simulacra (Depths:3)
  3 necrophages
  A cane toad simulacrum (IceCv)
  4 earth elementals
  4 scorpions
  A salamander skeleton (Crypt:3)
  A two-headed ogre simulacrum (IceCv)
  3 small abominations (Depths:3)
  4 wights
  A spriggan zombie (Crypt:2)
  An elephant simulacrum (IceCv)
  15 killer bees (D:9)
  A raiju zombie (Crypt:1)
  A spriggan skeleton (Crypt:3)
  6 howler monkeys
  An electric eel (D:10)
  7 crimson imps (Pan)
  A quasit (D:6)
  A wolf skeleton (Crypt:2)
  8 orc priests
  2 gnoll boudas
  8 jellies
  A sleepcap (D:5)
  Jessica (D:3)
  An iguana (D:7)
  2 boggart zombies (D:15)
  11 orc wizards
  A polar bear simulacrum (IceCv)
  4 troll simulacra (IceCv)
  6 spriggan simulacra
  A killer bee zombie (Crypt:2)
  A wolf simulacrum (IceCv)
  A sky beast zombie (Crypt:3)
  A deep dwarf skeleton (Crypt:2)
  A boggart simulacrum (D:14)
  7 mummies (Crypt:3)
  A howler monkey zombie (Crypt:3)
  25 gnolls
  2 naga simulacra (IceCv)
  13 adders
  3 shadow imps
  9 white imps
  10 ufetubi
  An iguana zombie (Crypt:1)
  8 worms
  4 dart slugs
  95 orcs
  2 bat zombies (D:2)
  7 endoplasms
  8 giant cockroaches
  8 goblins
  4 hobgoblins
  3 jackals (D:2)
  4 quokkas
  11 ball pythons
  A ball python zombie (Crypt:1)
  8 bats
  3 frilled lizards
  A hobgoblin skeleton (Crypt:2)
  A jackal skeleton (Crypt:1)
  30 kobolds
  14 rats
  A river rat zombie (Crypt:2)
  3 tentacles (Shoals:1)
2398 creatures vanquished.

Vanquished Creatures (others)
  A lich (Depths:4)
  2 fire giants
  A frost giant (Slime:4)
  A spectral storm dragon (Depths:3)
  2 deep elf knights
  A skeletal warrior (Crypt:3)
  2 deep elf pyromancers
  A deep elf zephyrmancer (Elf:1)
  A water nymph (Shoals:4)
  A slime creature (Slime:4)
  A water elemental (Shoals:3)
  A gnoll (D:12)
  An orc (Elf:1)
  4 demonic plants
  50 fungi
  4 pillars of salt (Pan)
  135 plants
  9 tentacles
  9 toadstools (D:7)
  2 withered plants
229 creatures vanquished.

Grand Total: 2627 creatures vanquished

Notes
Turn   | Place    | Note
-------+----------+-------------------------------------------
     0 | D:1      | backslashecho the Minotaur Monk began the quest for the
                  | Orb.
     0 | D:1      | Reached XP level 1. HP: 19/19 MP: 0/0
   149 | D:1      | Reached XP level 2. HP: 27/27 MP: 1/1
   329 | D:1      | Reached skill level 1 in Unarmed Combat
   548 | D:2      | Found a faded altar of an unknown god.
   560 | D:2      | Reached skill level 4 in Fighting
   560 | D:2      | Reached XP level 3. HP: 33/33 MP: 2/2
  1722 | D:2      | Reached XP level 4. HP: 40/40 MP: 3/3
  1724 | D:2      | Reached skill level 5 in Axes
  2078 | D:3      | Noticed Jessica
  2087 | D:3      | Killed Jessica
  2088 | D:3      | Reached XP level 5. HP: 41/47 MP: 4/4
  2431 | D:3      | Found a glowing drain.
  2448 | Sewer    | Entered a sewer
  2629 | Sewer    | Reached skill level 5 in Fighting
  2674 | Sewer    | HP: 1/48 [poisoned by a kobold brigand]
  2685 | Sewer    | Reached XP level 6. HP: 13/56 MP: 5/5
  3207 | Sewer    | Reached skill level 5 in Dodging
  3212 | Sewer    | Reached XP level 7. HP: 25/62 MP: 6/6
  3403 | Sewer    | Reached skill level 1 in Armour
  3403 | Sewer    | Reached skill level 1 in Shields
  4134 | D:4      | Reached skill level 6 in Fighting
  4478 | D:4      | Found a burning altar of Makhleb.
  4482 | D:4      | Found an iron altar of Okawaru.
  4717 | D:4      | Became a worshipper of Warmaster Okawaru
  4717 | D:4      | Reached * piety under Okawaru
  4717 | D:4      | Reached ** piety under Okawaru
  4728 | D:5      | Entered Level 5 of the Dungeon
  4825 | D:5      | Reached XP level 8. HP: 71/71 MP: 4/7
  4881 | D:5      | Reached skill level 1 in Invocations
  5265 | D:5      | Found Sud Vomi's Armour Shop.
  5268 | D:5      | Bought a +0 pair of boots for 63 gold pieces
  5303 | D:5      | Found a shimmering blue altar of Sif Muna.
  5328 | D:5      | Got Sif Muna's Almanac of Arcane Weapons and Bodies
  5348 | D:5      | Found a bloodstained altar of Trog.
  5983 | D:6      | Reached skill level 7 in Fighting
  6559 | D:6      | Reached skill level 10 in Axes
  6559 | D:6      | Reached XP level 9. HP: 74/79 MP: 10/10
  6747 | D:6      | Reached skill level 5 in Shields
  7295 | D:7      | Found a staircase to the Ecumenical Temple.
  7347 | Temple   | Entered the Ecumenical Temple
  7714 | D:7      | Reached skill level 8 in Fighting
  8299 | D:7      | Reached *** piety under Okawaru
  8964 | D:8      | Noticed a two-headed ogre
  8981 | D:8      | Killed a two-headed ogre
  8982 | D:8      | Reached skill level 5 in Invocations
  8982 | D:8      | Reached XP level 10. HP: 73/90 MP: 12/12
  9338 | D:9      | Reached skill level 9 in Fighting
  9462 | D:9      | Identified the +1 leather armour "Ziatwaxt" {Str+5 Int+2
                  | Dex-4}
  9479 | D:9      | Found a staircase to the Orcish Mines.
  9653 | D:9      | Found Ryeblal's Changing Room.
  9661 | D:9      | Bought a potion of mutation for 96 gold pieces
  9905 | D:9      | Found a white marble altar of Elyvilon.
  9944 | D:9      | Reached **** piety under Okawaru
  9953 | D:9      | Received a gift from Okawaru
 10283 | D:9      | Reached ***** piety under Okawaru
 10320 | D:10     | Entered Level 10 of the Dungeon
 10362 | D:10     | Noticed a two-headed ogre
 10403 | D:9      | Reached skill level 5 in Armour
 10403 | D:9      | Reached XP level 11. HP: 46/97 MP: 14/14
 10566 | D:10     | Received a gift from Okawaru
 10717 | D:10     | Killed a two-headed ogre
 11375 | D:10     | Found a staircase to the Lair.
 11375 | D:10     | Found a hazy altar of Hepliaklqana.
 11375 | D:10     | Found a stormy altar of Qazlal.
 11788 | D:11     | Received a gift from Okawaru
 12346 | Lair:1   | Entered Level 1 of the Lair of Beasts
 12410 | Lair:1   | Reached skill level 15 in Axes
 12486 | Lair:1   | Noticed Harold
 12499 | Lair:1   | Killed Harold
 12616 | Lair:1   | Noticed Fannar
 12649 | Lair:1   | Killed Fannar
 12649 | Lair:1   | Received a gift from Okawaru
 12808 | Lair:1   | Reached XP level 12. HP: 104/104 MP: 17/17
 13457 | Lair:2   | Found a staircase to the Snake Pit.
 13510 | Lair:2   | Received a gift from Okawaru
 13615 | Lair:2   | Noticed a four-headed hydra
 13625 | Lair:2   | Killed a four-headed hydra
 13648 | Lair:2   | Reached skill level 1 in Throwing
 13745 | Lair:2   | Noticed Sonja
 13747 | Lair:2   | Killed Sonja
 14014 | Lair:2   | Found a staircase to the Shoals.
 14281 | Lair:3   | Noticed Amaemon
 14302 | Lair:3   | Killed Amaemon
 14768 | Lair:3   | Received a gift from Okawaru
 14772 | Lair:3   | Noticed Prince Ribbit
 14783 | Lair:3   | Killed Prince Ribbit
 14795 | Lair:3   | Reached XP level 13. HP: 91/111 MP: 17/19
 14807 | Lair:3   | Identified the +5 whip "Yllon" {heavy, rPois Int+3}
 14999 | Lair:3   | Reached ****** piety under Okawaru
 15780 | Lair:4   | Noticed Rupert
 15795 | Lair:4   | Killed Rupert
 15796 | Lair:4   | Reached skill level 10 in Invocations
 15880 | Lair:4   | Found a runed translucent gate.
 15891 | Lair:4   | Received a gift from Okawaru
 15900 | Lair:4   | Reached skill level 5 in Throwing
 15923 | Lair:4   | Found a runed translucent gate.
 15923 | Lair:4   | Found a runed translucent gate.
 15923 | Lair:4   | Noticed hwolsky's ghost (journeyman MiFi)
 16728 | Lair:5   | Entered Level 5 of the Lair of Beasts
 16755 | Lair:5   | Found a gate leading to a gauntlet.
 16761 | Gauntlet | Entered a Gauntlet
 16761 | Gauntlet | Found a transporter.
 16761 | Gauntlet | Found a runed translucent door.
 16761 | Gauntlet | Found a transporter.
 16772 | Gauntlet | Found a runed translucent door.
 16782 | Gauntlet | Found a transporter.
 16799 | Gauntlet | Found a transporter.
 16800 | Gauntlet | Found a transporter.
 16800 | Gauntlet | Found a transporter.
 16802 | Gauntlet | Found a transporter.
 16802 | Gauntlet | Found a transporter.
 16814 | Gauntlet | Found a transporter.
 16830 | Gauntlet | Found a transporter.
 16832 | Gauntlet | Noticed a blizzard demon
 16840 | Gauntlet | Found a transporter.
 16854 | Gauntlet | Found a transporter.
 16873 | Gauntlet | Found a transporter.
 16874 | Gauntlet | Found a runed translucent door.
 16885 | Gauntlet | Found a transporter.
 17072 | Gauntlet | Received a gift from Okawaru
 17134 | Gauntlet | Identified the +2 cloak "Cusem" {rElec rPois rCorr Dex-2}
 17275 | Gauntlet | Killed a blizzard demon
 17290 | Gauntlet | Identified the +2 pair of gloves "Nonois" {rCorr Int-2 SInv
                  | Stlth-}
 17446 | Gauntlet | Identified the +2 arbalest of Yredelemnul, Hungering
                  | {heavy, MP+9}
 17446 | Gauntlet | Noticed a minotaur
 17460 | Gauntlet | Killed a minotaur
 17527 | Lair:5   | Reached skill level 10 in Fighting
 17549 | Lair:5   | Reached skill level 10 in Armour
 17686 | Lair:5   | Received a gift from Okawaru
 17944 | Lair:5   | Reached XP level 14. HP: 122/122 MP: 21/21
 18346 | Lair:5   | Found a viscous altar of Jiyva.
 18347 | Lair:5   | Found a staircase to the Slime Pits.
 18364 | Lair:5   | Received a gift from Okawaru
 18436 | Lair:5   | Reached skill level 11 in Fighting
 18839 | D:12     | Noticed Nergalle
 18881 | Orc:1    | Entered Level 1 of the Orcish Mines
 18900 | Orc:1    | You fall into a shaft and drop 1 floor!
 18900 | Orc:2    | Entered Level 2 of the Orcish Mines
 19059 | Orc:2    | Found a staircase to the Elven Halls.
 19249 | Orc:1    | Noticed Snorg
 19264 | Orc:1    | Killed Snorg
 19267 | Orc:1    | Noticed an orc warlord
 19292 | Orc:1    | Killed an orc warlord
 19314 | Orc:1    | Found a frozen archway.
 19325 | IceCv    | Entered an ice cave
 20057 | IceCv    | Received a gift from Okawaru
 20130 | IceCv    | Noticed a reaper
 20156 | IceCv    | Killed a reaper
 20157 | IceCv    | Reached skill level 12 in Fighting
 21031 | Orc:2    | Received a gift from Okawaru
 21896 | Orc:2    | Found Jeweseip's Weapon Emporium.
 21896 | Orc:2    | Found Lecied's Distillery.
 21931 | Orc:2    | Received a gift from Okawaru
 22109 | Orc:2    | Found Miecwy's General Store.
 22109 | Orc:2    | Found Rocesk's Magic Scroll Shop.
 22133 | Orc:2    | Bought the ring "Xoakaut" {Contam Fly rC+ Int+3 Dex+2} for
                  | 546 gold pieces
 22270 | D:12     | Noticed Azrael
 22280 | D:12     | Noticed Urug
 22292 | D:12     | Killed Azrael
 22293 | D:12     | Killed Urug
 22330 | D:12     | Killed Nergalle
 22331 | D:12     | Reached skill level 13 in Fighting
 22766 | D:12     | Noticed Erolcha
 22777 | D:12     | Killed Erolcha
 22862 | D:12     | You are sucked into a shaft and drop 3 floors!
 22862 | D:15     | Entered Level 15 of the Dungeon
 22897 | D:15     | Reached XP level 15. HP: 132/136 MP: 23/23
 24095 | D:13     | Received a gift from Okawaru
 24557 | D:14     | Identified the +0 leather armour "Jurang" {Fly rC- rN+}
 24584 | D:14     | Identified a scroll of acquirement
 24657 | D:14     | Received a gift from Okawaru
 25067 | D:14     | Reached skill level 14 in Fighting
 25110 | D:14     | Found a gate to the Vaults.
 26010 | D:15     | Found a shimmering blue altar of Sif Muna.
 26470 | D:15     | Found a staircase to the Depths.
 26616 | Snake:1  | Entered Level 1 of the Snake Pit
 26633 | Lair:2   | Acquired an amulet of regeneration
 26770 | Orc:2    | Bought a potion of curing for 42 gold pieces
 26770 | Orc:2    | Bought a potion of heal wounds for 70 gold pieces
 26770 | Orc:2    | Bought 2 potions of curing for 84 gold pieces
 26770 | Orc:2    | Bought a potion of might for 56 gold pieces
 26770 | Orc:2    | Bought a potion of curing for 42 gold pieces
 26770 | Orc:2    | Bought a potion of mutation for 112 gold pieces
 26770 | Orc:2    | Bought a potion of curing for 42 gold pieces
 26770 | Orc:2    | Bought a potion of heal wounds for 70 gold pieces
 27497 | Snake:1  | Received a gift from Okawaru
 27859 | Snake:1  | Identified the +10 morningstar "Hellblazer" {drain, *Slow
                  | rElec Int+6 SInv}
 27985 | Snake:2  | Found a transporter.
 28088 | Snake:2  | Found a transporter.
 28094 | Snake:2  | Found a bloodstained altar of Trog.
 28113 | Snake:2  | Noticed Woigomae's ghost (adept OpVM)
 28127 | Snake:2  | Received a gift from Okawaru
 28144 | Snake:2  | Reached skill level 15 in Fighting
 28154 | Snake:2  | Reached skill level 15 in Armour
 28629 | Snake:3  | Noticed Vashnia
 28639 | Arena    | Entered the Arena
 28666 | Arena    | Killed Vashnia
 28666 | Arena    | Received a gift from Okawaru
 28698 | Snake:3  | Reached XP level 16. HP: 146/149 MP: 24/24
 28835 | Snake:3  | Received a gift from Okawaru
 28936 | Snake:3  | Noticed Agnes
 28959 | Snake:3  | Killed Agnes
 29315 | Snake:3  | Received a gift from Okawaru
 29688 | Snake:4  | Entered Level 4 of the Snake Pit
 29792 | Snake:4  | Reached skill level 10 in Throwing
 29924 | Snake:4  | Received a gift from Okawaru
 29925 | Snake:4  | Reached skill level 16 in Fighting
 29941 | Snake:4  | Found Beiqieg's One-of-a-Kind Rings.
 30202 | Snake:4  | Identified the +0 chain mail of the Gate {rN+ Str+3}
                  | (Okawaru gifted it to you on level 4 of the Snake Pit)
 30202 | Snake:4  | Received a gift from Okawaru
 30503 | Snake:4  | Reached skill level 10 in Shields
 31872 | Snake:4  | Reached skill level 17 in Fighting
 31962 | Snake:4  | Got a serpentine rune of Zot
 32299 | Shoals:1 | Entered Level 1 of the Shoals
 32366 | Shoals:1 | Identified the ring of Dyxos {Wiz Str+5}
 32446 | Shoals:1 | Reached XP level 17. HP: 161/161 MP: 25/25
 32501 | Shoals:1 | Found Zaukac's Antique Armour Emporium.
 32524 | Shoals:1 | You are sucked into a shaft and drop 1 floor!
 32742 | Shoals:2 | Received a gift from Okawaru
 32965 | Shoals:1 | Noticed Aizul
 33051 | Shoals:2 | Acquired 810 gold pieces
 33052 | Shoals:2 | Acquired a +3 broad axe of flaming
 33054 | Shoals:2 | Acquired 1153 gold pieces
 33055 | Shoals:2 | Acquired 584 gold pieces
 33196 | Shoals:1 | Bought a jewelled plate armour for 980 gold pieces
 33196 | Shoals:1 | Identified the +3 plate armour of Beauty {Dex+3} (You
                  | bought it in a shop on level 1 of the Shoals)
 33197 | Shoals:1 | Bought a jewelled crystal plate armour for 2975 gold pieces
 33197 | Shoals:1 | Identified the +5 crystal plate armour of Complete
                  | Protection {Str+2 Dex+2} (You bought it in a shop on level
                  | 1 of the Shoals)
 33210 | Shoals:1 | Noticed Mlioglotl
 33220 | Shoals:1 | Killed Mlioglotl
 33378 | Shoals:1 | Killed Aizul
 33491 | Shoals:1 | Identified the amulet "Xabriot" {RegenMP Harm Fly rPois
                  | rF+}
 33620 | Shoals:1 | Identified the +3 ring mail of the Sun {Str+5 Stlth-}
 33680 | Shoals:1 | Found an iron altar of Okawaru.
 33683 | Shoals:1 | Noticed a kraken
 33702 | Shoals:1 | Killed a kraken
 34170 | Shoals:2 | Found Ynepam's Merfolk Armours.
 34170 | Shoals:2 | Found Ynepam's Visitors' Centre.
 34200 | Shoals:2 | Found Ynepam's Merfolk Magic.
 34200 | Shoals:2 | Found Ynepam's Merfolk Weapons.
 34340 | Shoals:2 | Identified the ring of Xoutiner {Fire rPois rCorr Dex+2}
 34435 | Shoals:3 | Received a gift from Okawaru
 34435 | Shoals:3 | Found the +7 lajatang of Order {silver, rMut}
 34514 | Shoals:3 | Reached skill level 18 in Fighting
 34599 | Shoals:3 | Acquired 1005 gold pieces
 34674 | Shoals:3 | Noticed a kraken
 34706 | Shoals:3 | Killed a kraken
 34722 | Shoals:3 | Noticed a tentacled monstrosity
 34728 | Shoals:3 | Killed a tentacled monstrosity
 34748 | Shoals:3 | Identified the ring "Bith" {*Slow rPois EV+5 Int+8 Dex+3}
 35589 | Shoals:4 | Entered Level 4 of the Shoals
 35673 | Shoals:4 | Found a stormy altar of Qazlal.
 35683 | Shoals:4 | Received a gift from Okawaru
 35684 | Shoals:4 | Reached skill level 15 in Shields
 35726 | Shoals:4 | Identified the +0 robe "Qarurok" {rElec rF- Str+4 SInv}
 35742 | Shoals:4 | Paralysed by an air elemental for 1 turns
 35787 | Shoals:4 | Paralysed by an air elemental for 1 turns
 35943 | Shoals:4 | Noticed Polyphemus
 35962 | Shoals:4 | Killed Polyphemus
 35967 | Shoals:4 | Identified the +8 war axe of the Orcish Mines {antimagic,
                  | Stlth+} (Okawaru gifted it to you on level 4 of the Shoals)
 35967 | Shoals:4 | Received a gift from Okawaru
 36011 | Shoals:4 | Paralysed by an air elemental for 1 turns
 36015 | Shoals:4 | Paralysed by an air elemental for 1 turns
 36019 | Shoals:4 | Reached XP level 18. HP: 157/172 MP: 26/26
 36241 | Shoals:4 | Got the Secrets of Ill Luck and the Autopsy
 36244 | Shoals:4 | Identified the staff of poison "Muong" {rPois Int+3}
 36249 | Shoals:4 | Got a barnacled rune of Zot
 36604 | Shoals:2 | Bought a +1 pair of boots of rampaging for 198 gold pieces
 36645 | Shoals:1 | Bought a glimmering cloak for 332 gold pieces
 36645 | Shoals:1 | Identified the +1 cloak of Polish {Rampage Fly rC-} (You
                  | bought it in a shop on level 1 of the Shoals)
 36862 | Vaults:1 | Entered Level 1 of the Vaults
 37029 | Vaults:1 | Identified the +5 war axe of Upheaval {vamp, MP+9 Dex+2
                  | SInv} (Okawaru gifted it to you on level 1 of the Vaults)
 37029 | Vaults:1 | Received a gift from Okawaru
 37514 | Arena    | Entered the Arena
 37768 | Vaults:1 | Received a gift from Okawaru
 38126 | Vaults:2 | Found a flickering gateway to a bazaar.
 38154 | Bazaar   | Entered a bazaar
 38166 | Bazaar   | Found Howar's Magic Scroll Shop.
 38186 | Bazaar   | Found Okiweza's Distillery.
 38195 | Bazaar   | Found Orapun's Distillery.
 38223 | Bazaar   | Found Ytopnoru's Weapon Shop.
 38243 | Bazaar   | Found Muluniut's Antique Armour Emporium.
 38299 | Bazaar   | Bought a pair of embroidered boots for 150 gold pieces
 38342 | Bazaar   | Bought a potion of haste for 110 gold pieces
 38342 | Bazaar   | Bought a potion of haste for 110 gold pieces
 38342 | Bazaar   | Bought a potion of curing for 33 gold pieces
 38342 | Bazaar   | Bought a potion of heal wounds for 55 gold pieces
 38342 | Bazaar   | Bought a potion of curing for 33 gold pieces
 38369 | Bazaar   | Bought a scroll of blinking for 90 gold pieces
 38369 | Bazaar   | Bought a scroll of enchant weapon for 90 gold pieces
 38387 | Bazaar   | Bought a potion of heal wounds for 55 gold pieces
 38387 | Bazaar   | Bought a potion of heal wounds for 55 gold pieces
 38387 | Bazaar   | Bought a potion of haste for 110 gold pieces
 38543 | Vaults:2 | Found a magical portal.
 38552 | WizLab   | Entered Eringya's Formal Garden
 38777 | WizLab   | Reached skill level 19 in Fighting
 38817 | WizLab   | Found a blossoming altar of Fedhas.
 38830 | WizLab   | Paralysed by a fenstrider witch for 4 turns
 38845 | WizLab   | Reached XP level 19. HP: 62/183 MP: 24/27
 39476 | Vaults:2 | Received a gift from Okawaru
 40613 | Vaults:3 | Received a gift from Okawaru
 40629 | Vaults:3 | Paralysed by a sphinx for 5 turns
 40637 | Vaults:3 | Reached skill level 20 in Fighting
 40792 | Vaults:3 | Received a gift from Okawaru
 41113 | Vaults:3 | Received a gift from Okawaru
 41129 | Vaults:3 | Found Xoyboan's Jewellery Emporium.
 41571 | Vaults:3 | Found a staircase to the Crypt.
 41895 | Vaults:4 | Acquired 1201 gold pieces
 42346 | Vaults:4 | Got the Octavo of Oromancy
 42582 | Vaults:4 | Received a gift from Okawaru
 42691 | Vaults:4 | Reached skill level 21 in Fighting
 43209 | Vaults:4 | Received a gift from Okawaru
 43210 | Vaults:4 | Reached XP level 20. HP: 184/197 MP: 28/28
 43399 | Vaults:4 | Noticed Donald
 43412 | Vaults:4 | Killed Donald
 43417 | Vaults:4 | Reached skill level 1 in Evocations
 43624 | Vaults:4 | Received a gift from Okawaru
 43760 | Vaults:4 | Identified the +4 ring mail of the Festooned Slorg {rPois
                  | Stlth+} (Okawaru gifted it to you on level 4 of the Vaults)
 43760 | Vaults:4 | Received a gift from Okawaru
 44045 | Depths:1 | Entered Level 1 of the Depths
 44064 | Depths:1 | Reached skill level 15 in Throwing
 44234 | Depths:1 | Found a basalt altar of Yredelemnul.
 44259 | Depths:1 | Gained mutation: You are somewhat resistant to further
                  | mutation. [a cacodemon]
 44287 | Depths:1 | Reached skill level 22 in Fighting
 44397 | Depths:1 | Found a gateway to Hell.
 44406 | Depths:1 | Received a gift from Okawaru
 44847 | Depths:1 | Noticed a caustic shrike
 44862 | Depths:1 | Killed a caustic shrike
 44888 | Depths:1 | Reached skill level 5 in Evocations
 44914 | Depths:1 | Paralysed by a vampire knight for 5 turns
 44925 | Depths:1 | Paralysed by a vampire knight for 4 turns
 44936 | Depths:1 | Paralysed by a vampire knight for 3 turns
 45152 | Depths:1 | Identified the +9 war axe of Diet Blood {freeze, Fragile
                  | rPois Dex+4 Stlth+}
 45179 | Depths:1 | Got the Octavo of the Friendly Wind
 45181 | Depths:1 | Got the Catalogue of Putridity and Jinxing
 45493 | Shoals:2 | Bought a ring of willpower for 300 gold pieces
 45680 | D:15     | Upgraded the game from 0.30-a0-1160-g6e42c06551 to
                  | 0.30-a0-1161-g0704695555
 45760 | Depths:2 | Found a one-way gate leading to the halls of Pandemonium.
 45816 | Depths:2 | Identified the +0 ring mail "Yloogh" {rN+ Slay+3} (Okawaru
                  | gifted it to you on level 2 of the Depths)
 45816 | Depths:2 | Received a gift from Okawaru
 45833 | Depths:2 | Reached XP level 21. HP: 210/210 MP: 29/29
 46010 | Depths:2 | Reached skill level 23 in Fighting
 46760 | Depths:3 | Noticed Margery
 46760 | Depths:3 | Found Gogyse's Antique Armour Boutique.
 47144 | Depths:3 | Killed Margery
 47145 | Depths:3 | Reached skill level 10 in Dodging
 47173 | Depths:3 | Noticed a juggernaut
 47188 | Depths:3 | Killed a juggernaut
 47314 | Depths:3 | Noticed a caustic shrike
 47318 | Depths:3 | Noticed a golden dragon
 47324 | Depths:3 | Killed a caustic shrike
 47324 | Depths:3 | Received a gift from Okawaru
 47334 | Depths:3 | Killed a golden dragon
 47456 | Depths:3 | Found a runed translucent gate.
 47456 | Depths:3 | Found a runed translucent gate.
 47458 | Depths:3 | Found a runed translucent gate.
 47467 | Depths:3 | Noticed a dread lich
 47467 | Depths:3 | Noticed Joiny's ghost (veteran GrGl)
 47547 | Depths:3 | Identified the +3 rapier "Brush" {holy, rF+ Dex+3}
 47569 | Depths:3 | Found a one-way gate to the infinite horrors of the Abyss.
 47735 | Depths:3 | Noticed a juggernaut
 47754 | Depths:3 | Killed a juggernaut
 47759 | Depths:3 | Reached skill level 24 in Fighting
 48304 | Depths:3 | Killed a dread lich
 48361 | Depths:3 | Killed Joiny's ghost
 48477 | Depths:3 | Identified the +2 chain mail of the Barracuda {rF+ Regen+
                  | Int-4 Slay+6}
 48491 | Depths:3 | Identified the ring of Suspicion {Will+ AC+4}
 48551 | Depths:4 | Entered Level 4 of the Depths
 48606 | Depths:4 | Received a gift from Okawaru
 48665 | Depths:4 | Noticed a golden dragon
 48675 | Depths:4 | Killed a golden dragon
 48675 | Depths:4 | Received a gift from Okawaru
 48734 | Depths:4 | Noticed a golden dragon
 48755 | Depths:4 | Killed a golden dragon
 48789 | Depths:4 | Found a gate to the Realm of Zot.
 48937 | Depths:4 | Noticed a caustic shrike
 48938 | Depths:4 | Noticed a caustic shrike
 48945 | Depths:4 | Noticed a caustic shrike
 48974 | Depths:4 | Killed a caustic shrike
 48975 | Depths:4 | Reached XP level 22. HP: 198/224 MP: 30/30
 48982 | Depths:4 | Killed a caustic shrike
 48993 | Depths:4 | Killed a caustic shrike
 49058 | Depths:4 | Reached skill level 25 in Fighting
 49281 | Depths:4 | Noticed Parghit
 49330 | Depths:4 | Killed Parghit
 49330 | Depths:4 | Identified the +1 robe "Sacliump" {Int+3} (Okawaru gifted
                  | it to you on level 4 of the Depths)
 49330 | Depths:4 | Received a gift from Okawaru
 49359 | Depths:4 | Found an ornate altar of the Wu Jian Council.
 49411 | Depths:4 | Found a one-way gateway to a ziggurat.
 50070 | Vaults:5 | Entered Level 5 of the Vaults
 50156 | Vaults:5 | Noticed a golden dragon
 50180 | Vaults:5 | Killed a golden dragon
 50192 | Vaults:5 | Identified the ring "Moyxky" {EV+5 Str+8}
 50364 | Vaults:5 | Paralysed by a Zot trap for 5 turns
 50386 | Vaults:5 | Received a gift from Okawaru
 50461 | Vaults:5 | Noticed a dread lich
 50468 | Vaults:5 | Killed a dread lich
 50479 | Vaults:5 | Received a gift from Okawaru
 50524 | Vaults:5 | Reached skill level 26 in Fighting
 50531 | Vaults:5 | Received a gift from Okawaru
 50615 | Vaults:5 | Noticed an ancient lich
 50634 | Vaults:5 | Killed an ancient lich
 50634 | Vaults:5 | Received a gift from Okawaru
 50635 | Vaults:5 | Reached XP level 23. HP: 231/236 MP: 31/31
 50673 | Vaults:5 | Noticed an ancient lich
 50685 | Vaults:5 | Killed an ancient lich
 50685 | Vaults:5 | Received a gift from Okawaru
 51183 | Vaults:5 | Identified the +1 cloak of the Storm King {Regen+ Dex+3}
 51189 | Vaults:5 | Identified the ring of Sackaen {AC+4 Dex+6}
 51448 | Vaults:5 | Got a silver rune of Zot
 51844 | Vaults:5 | Identified the +3 spear of Beogh, Changing {drain, rPois}
 52177 | Elf:1    | Entered Level 1 of the Elven Halls
 52177 | Elf:1    | Found a runed translucent gate.
 52177 | Elf:1    | Found a runed translucent gate.
 52177 | Elf:1    | Found a runed translucent gate.
 52177 | Elf:1    | Found a runed translucent gate.
 52177 | Elf:1    | Found a runed translucent gate.
 52177 | Elf:1    | Found a runed translucent gate.
 52179 | Elf:1    | Found a runed translucent door.
 52895 | Elf:1    | Identified the +2 leather armour of Autotheism {+Blink
                  | rElec rCorr Int-4}
 52952 | Elf:1    | Found a runed translucent gate.
 52952 | Elf:1    | Found a runed translucent gate.
 52952 | Elf:1    | Found a runed translucent gate.
 52952 | Elf:1    | Found a runed translucent gate.
 52952 | Elf:1    | Found a runed translucent gate.
 52953 | Elf:1    | Found a runed translucent gate.
 53202 | Elf:1    | Found a runed translucent door.
 53593 | Elf:2    | Found the +8 Vampire's Tooth {megavamp}
 53659 | Elf:2    | Received a gift from Okawaru
 53810 | Elf:2    | Found Osyhyun's Magic Scroll Emporium.
 53813 | Elf:2    | Bought a scroll of blinking for 142 gold pieces
 53813 | Elf:2    | Bought a scroll of enchant armour for 142 gold pieces
 53813 | Elf:2    | Bought a scroll of enchant weapon for 142 gold pieces
 53813 | Elf:2    | Bought a scroll of teleportation for 57 gold pieces
 53827 | Elf:2    | Received a gift from Okawaru
 54129 | Elf:2    | Found a runed translucent gate.
 54129 | Elf:2    | Found a runed translucent gate.
 54130 | Elf:2    | Found a runed translucent gate.
 54133 | Elf:2    | Received a gift from Okawaru
 54217 | Elf:3    | Entered Level 3 of the Elven Halls
 54611 | Elf:3    | Received a gift from Okawaru
 54655 | Elf:3    | Received a gift from Okawaru
 54664 | Elf:3    | Found Imyros's Antique Armour Shop.
 54664 | Elf:3    | Found Nujamm's General Store.
 54664 | Elf:3    | Found Geocwuja's Armour Shop.
 54676 | Elf:3    | Reached XP level 24. HP: 247/247 MP: 31/31
 54680 | Elf:3    | Found Plog's Magic Scroll Boutique.
 54781 | Elf:3    | Bought an embroidered hat for 266 gold pieces
 54786 | Elf:3    | Bought a scroll of acquirement for 780 gold pieces
 54786 | Elf:3    | Bought a scroll of teleportation for 45 gold pieces
 54786 | Elf:3    | Bought a scroll of teleportation for 45 gold pieces
 54786 | Elf:3    | Bought a scroll of enchant weapon for 112 gold pieces
 54789 | Elf:3    | Bought a scroll of teleportation for 51 gold pieces
 54789 | Elf:3    | Bought a scroll of teleportation for 51 gold pieces
 54789 | Elf:3    | Bought a scroll of blinking for 127 gold pieces
 55271 | Elf:3    | Identified the ring of New Discoveries {*Slow rC+ Will+
                  | Int+6 SInv}
 55454 | Elf:3    | Found the +11 plutonium sword {Contam Stlth-}
 55516 | Elf:3    | Got the Grimoire of the Deathly Dose
 55521 | Elf:3    | Got the Compendium of Feathery Assaults
 55537 | Elf:3    | Found the +6 Majin-Bo {spellvamp, MP+6 Int+6}
 55555 | Elf:3    | Identified the +3 quarterstaff of Okawaru's Displeasure
                  | {heavy, +Blink Str+3}
 55648 | Elf:3    | Got the Papyrus of Transforming Fumes
 55650 | Elf:3    | Identified the staff of air "Icyuclax" {Fly rElec rF+ rN+}
 55672 | Elf:3    | Got the Reference Book on Blasts
 55940 | Temple   | Fell from the grace of Okawaru
 55940 | Temple   | Became a worshipper of the Shining One
 56230 | Crypt:1  | Entered Level 1 of the Crypt
 56295 | Crypt:1  | Reached * piety under the Shining One
 56437 | Crypt:1  | Reached ** piety under the Shining One
 56524 | Crypt:1  | Acquired a manual of Axes
 56697 | Crypt:1  | Reached *** piety under the Shining One
 56855 | Crypt:1  | Reached **** piety under the Shining One
 57251 | Crypt:2  | Reached ***** piety under the Shining One
 57996 | Crypt:3  | Entered Level 3 of the Crypt
 58066 | Crypt:3  | Noticed Vv
 58116 | Crypt:3  | Reached ****** piety under the Shining One
 58148 | Crypt:3  | Killed Vv
 58149 | Crypt:3  | Reached skill level 15 in Invocations
 58382 | Crypt:3  | Found a staircase to the Tomb.
 58635 | Crypt:3  | Paralysed by a vampire knight for 4 turns
 58877 | Crypt:3  | Identified a +9 broad axe of holy wrath (a +7 vampiric
                  | broad axe blessed by the Shining One)
 58877 | Crypt:3  | Received a gift from the Shining One
 58989 | Crypt:3  | Found an ancient bone altar of Kikubaaqudgha.
 58994 | Crypt:3  | Noticed a dread lich
 59011 | Crypt:3  | Killed a dread lich
 59019 | Crypt:3  | Found a basalt altar of Yredelemnul.
 59109 | Crypt:3  | Identified the +7 scimitar of War {flame, rN+}
 59651 | Temple   | Fell from the grace of the Shining One
 59651 | Temple   | Became a worshipper of Zin the Law-Giver
 59651 | Temple   | Reached * piety under Zin
 59651 | Temple   | Reached ** piety under Zin
 59651 | Temple   | Reached *** piety under Zin
 59651 | Temple   | Reached **** piety under Zin
 59651 | Temple   | Reached ***** piety under Zin
 59875 | Slime:1  | Entered Level 1 of the Pits of Slime
 60098 | Slime:1  | Reached XP level 25. HP: 255/255 MP: 34/34
 60481 | Slime:5  | Entered Level 5 of the Pits of Slime
 60568 | Slime:5  | Noticed the Royal Jelly
 60589 | Slime:5  | Killed the Royal Jelly
 61413 | Slime:5  | Identified the +5 hand axe of Inkawk {distort, rF+}
 61429 | Slime:5  | Identified the +8 scimitar of the Healing Gods {holy, rF+
                  | Will- Str+4}
 61444 | Slime:5  | Got the Vellum of Electricity and Conflagration
 61447 | Slime:5  | Was forgiven by Okawaru
 61467 | Slime:5  | Reached ****** piety under Zin
 61469 | Slime:5  | Got a slimy rune of Zot
 61844 | Zot:1    | Entered Level 1 of the Realm of Zot
 61844 | Zot:1    | Noticed a dread lich
 61844 | Zot:1    | Noticed a Killer Klown
 61844 | Zot:1    | Noticed a Killer Klown
 61927 | Pan      | Entered Pandemonium
 62183 | Pan      | Found an exit through the horrors of the Abyss.
 62198 | Pan      | HP: 8/255 [hellion/damnation (33)]
 62427 | Pan      | Entered the realm of Cerebov.
 62728 | Pan      | Found an exit through the horrors of the Abyss.
 63738 | Pan      | Identified the staff of poison "Rehuque" {+Blink rElec
                  | rPois Str+7}
 63815 | Pan      | Identified the amulet "Bingatu" {Acrobat Dex+3}
 63853 | Pan      | Identified the staff of poison "Ekixtad" {rElec rPois}
 64088 | Pan      | Identified the +1 morningstar "Nuon" {venom, rF- rC+ Str+5}
 64281 | Pan      | Found the +6 sword of Cerebov {flame}
 64281 | Pan      | Noticed Cerebov
 64305 | Pan      | HP: 12/255 [Brimstone Fiend/damnation[Cerebov] (31)]
 64307 | Pan      | Killed from afar by Cerebov

Illustrated notes

Levels and vault maps discovered:
D:1:      minmay_arrival_wavy_path, layout_rooms, serial_rivers,
          chequers_serial_rivers_micro_b, chequers_serial_rivers_room_b,
          chequers_serial_rivers_micro_d, chequers_serial_rivers_micro_a,
          minmay_pentomino_v2
D:2:      minmay_razor_zed, layout_basic, serial_undead, serial_undead_f,
          serial_undead_c, serial_undead_b, serial_undead_f,
          nicolae_ecumenical_pavilion
D:3:      layout_basic, portal_sewer_entry_b, minivault_26, minivault_5,
          glass_columns_a, uniq_jessica
D:4:      layout_basic, grunt_temple_overflow_open
D:5:      layout_basic, nzn_overflow_gifts_of_might_and_magic, serial_shops,
          kennysheep_mini, minmay_misc_feat_more_columns,
          nicolae_elevator_lobby_asterisk
D:6:      layout_layer_cave, serial_demonic, serial_demonic_g, serial_demonic_e,
          serial_demonic_a, serial_demonic_b, serial_demonic_b,
          serial_demonic_d, kennysheep_boxes
D:7:      cheibrodos_fertilizer, layout_loops_corners,
          minmay_temple_entry_overgrown, chequers_serial_rivers_marsh,
          grunt_ministairs_8
D:8:      layout_loops_ring
D:9:      layout_roguey, nicolae_overflow_crystal_walls,
          minmay_orc_entry_temple_small, special_room [special_room_bee],
          nicolae_transmutations_shop, abandoned_shop
D:10:     layout_cave_pools, mainiacjoe_overflow_large_starburst,
          lair_entry_dummy, serial_ice, serial_ice_e, serial_ice_a,
          serial_ice_b, serial_ice_i, serial_ice_n,
          minmay_mirror_moons_of_madness
D:11:     layout_roguey
D:12:     layout_small_grid, minmay_checkerbox, uniq_erolcha, uniq_urug,
          uniq_azrael, uniq_nergalle
D:13:     layout_roguey
D:14:     layout_irregular_city, hangedman_vaults_entry_quadrant_bands
D:15:     grunt_enter_depths_magical_seal, layout_layer_cave,
          minmay_misc_feat_tiny, led_sif_pool
Temple:   regret_index_temple_waves
Lair:1:   layout_regular_city, uniq_fannar, uniq_harold
Lair:2:   layout_misc_corridors, minmay_shoals_entry_centaurs,
          minmay_snake_entry_guardpost_small, uniq_sonja
Lair:3:   layout_layer_cave, serial_forest, infiniplex_forest_lined_room_,
          infiniplex_forest_zigzag_2, infiniplex_forest_pool,
          infiniplex_forest_lined_2, infiniplex_forest_clump_C,
          infiniplex_forest_lined_corner, chequers_serial_rivers_room_a,
          infiniplex_staircase_pool_2, serial_bayou_shore_b, uniq_amaemon,
          uniq_prince_ribbit2
Lair:4:   layout_small_grid, ebering_ghost_rock_garden, minivault_11,
          nicolae_lair_lindhole, grunt_megastairs_1, lemuel_fruit_fields,
          uniq_rupert
Lair:5:   due_jungle_book, layout_regular_city, dpeg_slime_entry_corner,
          gauntlet_entry_generic, grunt_megastairs_3
Shoals:1: layout_shoals, serial_shops, shop, wheals_shoals_ruined_temple,
          uniq_aizul, uniq_mlioglotl
Shoals:2: nicolae_shoals_mermall, layout_shoals
Shoals:3: dreamdust_from_the_deep, layout_shoals
Shoals:4: shoals_end_hellmonk_storm_palace [storm_palace_center_circular,
          storm_palace_corner_grid, storm_palace_corner_pillars,
          storm_palace_corner_blocked, storm_palace_corner_altar],
          uniq_polyphemus
Snake:1:  layout_layer_cave, drop_trap, grunt_megastairs_2
Snake:2:  layout_misc_corridors, gammafunk_ghost_wrathful_warriors
Snake:3:  layout_layer_cave, uniq_agnes, uniq_vashnia
Snake:4:  snake_pit_salamanders_mu, layout_basic, nicolae_shop_unique_rings
Slime:1:  layout_caves
Slime:2:  cheibrodos_slime_lost_civilization_2, layout_caves
Slime:3:  layout_caves
Slime:4:  layout_caves
Slime:5
Orc:1:    layout_caves, portal_ice_cave_demonic_guard, uniq_snorg
Orc:2:    st_orc_town, layout_caves, basic_altar, mines1_david
Elf:1:    nicolae_elf_arrival_dilemma, layout_geoelf_diagonals, special_room
          [special_room_mythical_zoo], orc_legates, grunt_megastairs_4
Elf:2:    nicolae_elf_blades_splatter_lattice
          [nicolae_blade_entry_crossed_weapons], layout_geoelf_grid,
          serial_shops, nicolae_shop_tiny_real_fake_doors,
          nicolae_elf_blasts_and_bolts, uniq_jorgrun
Elf:3:    grunt_elf_hall_branching, layout_loops_corners, minmay_shoptagon
Vaults:1: vaults_mumra_minichess_inversion, nicolae_vaults_double_plus_2,
          nicolae_vaults_storage_closets_3, nicolae_vaults_little_guard_posts,
          v_misc_22, hangedman_vaults_locks, v_misc_15, nicolae_vaults_heist,
          nicolae_vaults_circle_grid_b, hangedman_vaults_nails,
          vaults_room_semicircle, v_misc_29, layout_vaults_maze_snakey
Vaults:2: mu_enter_wizlab_3, vaults_room_semicircle,
          hangedman_vaults_stretched_pinwheel, nicolae_vaults_tetromino_L_1,
          vaults_dpeg_encased_lava, layout_vaults_omnigrid, serial_shops,
          bzr_in_the_mist
Vaults:3: nicolae_vaults_closet_pinwheel_1, nicolae_vaults_stairing_the_circle,
          v_pattern_4, grunt_vaults_diagonal, nicolae_vaults_trapezoid_1,
          st_cells, minmay_crypt_entry_simple_box, v_misc_22,
          ontoclasm_vaults_gateway, nicolae_vaults_heart-shaped_vault,
          ontoclasm_vaults_ring_large, nicolae_vaults_layer_cake_slice,
          layout_vaults_big_room, serial_shops, nicolae_shop_window_shopping
Vaults:4: v_misc_12, vaults_mumra_hexcomb, st_diamondy, grunt_vaults_swirl,
          ontoclasm_vaults_pinch, nicolae_vaults_more_shelving_2, v_misc_31,
          v_misc_17, v_misc_14, vaults_standard_mumra_x, v_misc_14,
          vaults_room_door_ring, layout_vaults_ring, uniq_donald
Vaults:5
Crypt:1:  layout_chaotic_city
Crypt:2:  layout_catacombs
Crypt:3:  lightli_unholy_cathedral, layout_chaotic_city,
          nicolae_tomb_entry_grand_gallery, st_stairs_11, uniq_vv
Depths:1: layout_big_octagon, yredelemnul_altar_generic,
          grunt_hell_entry_demonic_statue, minmay_the_grid_square_5x5_3x3_mashed
          [minmay_the_grid_square_5x5_checkered,
          minmay_the_grid_square_5x5_three_small,
          minmay_the_grid_square_5x5_inner_z,
          minmay_the_grid_square_5x5_checkered_statues,
          minmay_the_grid_square_5x5_megaprize_checkered,
          minmay_the_grid_square_5x5_percent, minmay_the_grid_square_5x5_bridge,
          minmay_the_grid_square_5x5_mess, minmay_the_grid_square_5x5_inner_i],
          grunt_megastairs_5
Depths:2: nicolae_hitomezashi [nicolae_hito_row, nicolae_hito_row,
          nicolae_hito_row, nicolae_hito_row, nicolae_hito_row,
          nicolae_hito_row, nicolae_hito_row, nicolae_hito_row,
          nicolae_hito_row, nicolae_hito_row, nicolae_hito_row,
          nicolae_hito_row, nicolae_hito_row, nicolae_hito_row,
          nicolae_hito_row, nicolae_hito_row, nicolae_hito_row,
          nicolae_hito_row], layout_cave_shapes, pan_entry, hell_entry,
          serial_co_window_serial, co_window_of_opportunity_a,
          co_window_corner_a, co_window_paths_a, co_window_corner_a,
          co_window_paths_a, co_window_of_opportunity_b, co_window_broadway_b,
          co_window_broadway_c, glass_columns_c, glass_columns_c, minivault_14
Depths:3: minmay_swirls_squares, layout_honeycomb, minmay_room_of_horrors,
          minmay_misc_feat_rugged, serial_shops, nicolae_stop_n_shop_1,
          hell_entry, gammafunk_ghost_necromancy, uniq_margery
Depths:4: evilmike_zot_entry_basic, layout_twisted_cross, enter_ziggurat_c,
          pdpol_wu_jian_five_deadly_venoms, hell_entry, rand_demon_pan_entry_9,
          hangedman_abyss_entry_splay, serial_bayou_shore_a, uniq_parghit
Zot:1:    ebering_klown_carousel, layout_gridlike
Pan:      nicolae_pan_diamonds, layout_basic, grunt_pan_sceptre,
          layout_gridville, evilmike_mini_pan_corner, layout_gridville,
          uniq_mennas_pan, evilmike_mini_pan_layers, layout_chambers,
          cerebov_st, layout_irregular_city

Skill      XL: |  1  2  3  4  5  6  7  8  9 10 11 12 13 14 15 16 17 18 19 20 21 22 23 24 25 |
---------------+----------------------------------------------------------------------------+-----
Axes           | 4 5 6 7 8 10 12 13 15 17 18 22 24 | 24.6
Unarmed Combat | 1 |  1.0
Fighting       | 4 5 6 7 8 9 10 13 15 17 18 19 21 22 24 26 | 26.9
Dodging        | 4 5 8 9 11 12 | 12.0
Armour         | 2 5 7 9 10 13 15 17 18 21 24 25 | 25.0
Shields        | 2 4 6 8 9 11 16 18 | 18.0
Invocations    | 3 5 6 8 9 11 13 16 19 | 19.9
Throwing       | 3 6 9 10 11 14 16 | 16.0
Evocations     | 6 9 |  9.0

Action                     |  1- 3 |  4- 6 |  7- 9 | 10-12 | 13-15 | 16-18 | 19-21 | 22-24 | 25-27 || total
---------------------------+-------+-------+-------+-------+-------+-------+-------+-------+-------++-------
  Melee: Hand axe          |   119 |   150 |   366 |    26 |       |       |       |       |       ||   661
         Headbutt          |    19 |    32 |    82 |   121 |   337 |   418 |   610 |   618 |   205 ||  2442
         Broad axe         |       |       |       |   501 |  1347 |  1443 |  1655 |  1855 |   606 ||  7407
         Flail             |       |       |       |     4 |       |       |       |       |       ||     4
         Scimitar          |       |       |       |       |     5 |       |       |       |       ||     5
  Throw: Boomerang         |       |     7 |     7 |       |       |       |       |       |       ||    14
         Dart              |       |    44 |    79 |    18 |     6 |       |       |       |       ||   147
         Throwing net      |       |       |       |     5 |     9 |     1 |     4 |     1 |       ||    20
         Javelin           |       |       |       |       |    15 |    52 |    27 |    58 |    16 ||   168
 Invoke: Heroism           |       |       |     9 |    12 |    16 |    15 |    16 |     9 |       ||    77
         Finesse           |       |       |       |     1 |     5 |       |     1 |     2 |       ||     9
         Duel              |       |       |       |       |     1 |     1 |       |       |       ||     2
         Divine Shield     |       |       |       |       |       |       |       |     8 |       ||     8
         Brand Weapon With |       |       |       |       |       |       |       |     1 |       ||     1
         Vitalisation      |       |       |       |       |       |       |       |       |    12 ||    12
         Recite            |       |       |       |       |       |       |       |       |     4 ||     4
         Sanctuary         |       |       |       |       |       |       |       |       |     1 ||     1
  Evoke: Wand              |       |       |       |     6 |     5 |       |       |     3 |     1 ||    15
         Piece from Xom's  |       |       |       |       |     1 |       |     1 |       |       ||     2
    Use: Scroll            |     2 |     6 |     5 |    15 |     5 |    12 |    19 |    11 |     1 ||    76
         Potion            |       |     3 |     1 |     2 |     2 |     5 |     5 |     1 |     5 ||    24
   Stab: Invisible         |       |       |       |     6 |       |       |       |       |       ||     6
         Held in net/web   |       |       |       |     2 |     9 |       |     1 |     3 |       ||    15
         Paralysed         |       |       |       |       |       |     4 |     1 |       |       ||     5
         Distracted        |       |       |       |       |       |     1 |       |       |     1 ||     2
         Petrifying        |       |       |       |       |       |       |       |     2 |       ||     2
         Petrified         |       |       |       |       |       |       |       |     2 |       ||     2
         Confused          |       |       |       |       |       |       |       |       |     4 ||     4
 Armour: Robe              |     6 |       |       |       |       |       |       |       |       ||     6
         Ring mail         |    17 |       |       |       |       |       |       |       |       ||    17
         Scale mail        |    41 |    67 |    40 |       |       |       |       |       |       ||   148
         Plate armour      |       |       |   168 |   276 |   484 |   267 |       |       |       ||  1195
         Chain mail        |       |       |       |       |    26 |       |       |       |       ||    26
         Crystal plate arm |       |       |       |       |       |   404 |   661 |       |       ||  1065
         Gold dragon scale |       |       |       |       |       |       |   149 |   999 |   411 ||  1559
  Dodge: Dodged            |    67 |    66 |   151 |   263 |   473 |   304 |   435 |   430 |   214 ||  2403
  Block: Buckler           |     8 |    27 |    78 |   173 |   348 |    33 |       |       |       ||   667
         Kite shield       |       |       |       |       |       |  1061 |  1224 |  1289 |   449 ||  4023
         Reflection        |       |       |       |       |       |    65 |    34 |       |       ||    99

Table legend: (Time is in decaauts)
 A = Elapsed time spent in this place.
 B = Non-inter-level travel time spent in this place.
 C = Inter-level travel time spent in this place.
 D = Time resting spent in this place.
 E = Time spent auto-exploring this place.
 F = Levels seen in this place.
 G = Mean time per level.
                   A        B        C        D        E       F      G
               +--------+--------+--------+--------+--------+-----+--------+
         Total |  62514 |  54605 |   7909 |   5963 |  30650 |  64 |  976.8 |
       Dungeon |  16756 |  13729 |   3027 |   1099 |   9316 |  15 | 1117.1 |
        Temple |    268 |    121 |    147 |      0 |    105 |   1 |  268.0 |
          Lair |   6071 |   5106 |    965 |     59 |   4068 |   5 | 1214.2 |
        Shoals |   4348 |   3825 |    523 |     62 |   2082 |   4 | 1087.0 |
     Snake Pit |   5061 |   4430 |    631 |    647 |   2528 |   4 | 1265.2 |
    Slime Pits |   1605 |   1517 |     88 |    640 |    119 |   5 |  321.0 |
  Orcish Mines |   2349 |   1953 |    396 |      0 |   1105 |   2 | 1174.5 |
   Elven Halls |   3439 |   3012 |    427 |      7 |   1829 |   3 | 1146.3 |
        Vaults |   7865 |   7096 |    769 |   1161 |   3336 |   5 | 1573.0 |
         Crypt |   2971 |   2686 |    285 |      0 |   1822 |   3 |  990.3 |
        Depths |   5087 |   4441 |    646 |     68 |   2775 |   4 | 1271.8 |
           Zot |      1 |      1 |      0 |      0 |      0 |   1 |    1.0 |
   Pandemonium |   2297 |   2297 |      0 |    591 |    423 |   5 |  459.4 |
        Bazaar |    341 |    341 |      0 |      0 |    119 |   1 |  341.0 |
         Sewer |   1358 |   1358 |      0 |    362 |    575 |   1 | 1358.0 |
      Ice Cave |   1093 |   1093 |      0 |    756 |     30 |   1 | 1093.0 |
        Wizlab |    820 |    820 |      0 |    290 |    291 |   1 |  820.0 |
      Gauntlet |    724 |    724 |      0 |    220 |    126 |   1 |  724.0 |
         Arena |     49 |     49 |      0 |      0 |      0 |   2 |   24.5 |
               +--------+--------+--------+--------+--------+-----+--------+

Top non-repeatable levels by time:
Vaults:4: 2163 daAuts
 Snake:4: 2068 daAuts
   Orc:2: 1770 daAuts
Vaults:3: 1664 daAuts
  Lair:3: 1566 daAuts
    D:14: 1558 daAuts
Vaults:5: 1529 daAuts
     D:2: 1480 daAuts
     D:9: 1435 daAuts
    D:15: 1400 daAuts
   Elf:1: 1397 daAuts
     D:7: 1396 daAuts
Depths:3: 1362 daAuts
   Sewer: 1358 daAuts
     D:6: 1337 daAuts
